 Dungeon Crawl Stone Soup version 0.29.0-7-g18a832c13a (webtiles) character file.

Game seed: 16249182532947788758

15 SnakkuSnakku7 the Trooper (level 2, -4/22 HPs)
             Began as a Djinni Chaos Knight on Aug 30, 2022.
             Was a Plaything of Xom.
             Engulfed by a fire crab (shapeshifter)'s flame (5 damage)
             ... on level 1 of the Dungeon.
             The game lasted 00:00:43 (487 turns).

SnakkuSnakku7 the Trooper (Djinni Chaos Knight)      Turns: 487, Time: 00:00:44

Health: -4/22      AC:  6    Str: 15    XL:     2   Next: 65%
Gold:   19         EV: 11    Int: 12    God:    Xom [.....*] SH:  0 Dex: 11

rFire   + + .      SeeInvis .   a - +0 falchion (chaos)
rCold   x . .      Faith    .   (no shield)
rNeg    . . .      Spirit   .   b - +2 leather armour
rPois   ∞          Reflect  .   (no helmet)
rElec   .          Harm     .   (no cloak)
rCorr   .          Rampage  .   j - +0 pair of gloves
Will    .....                   (boots unavailable)
Stlth   +.........              (no amulet)
HPRegen 0.07/turn               (no ring)
MPRegen 0.00/turn               (no ring)

@: flying
A: sickness immunity, fire resistance 2, cold vulnerability 1, float, innate
caster, HP casting, extra vitality 1, frail 1, strong 1
a: Renounce Religion


You were on level 1 of the Dungeon.
You worshipped Xom.
You were Xom's teddy bear.
You visited 1 branch of the dungeon, and saw 1 of its levels.

You collected 19 gold pieces.

Inventory:

Hand Weapons
 a - a +0 falchion of chaos (weapon)
Armour
 b - a +2 leather armour (worn)
 j - a +0 pair of gloves (worn)
Scrolls
 d - a scroll of amnesia {unknown}
 e - a scroll of identify {unknown}
 f - a scroll of teleportation {unknown}
 g - a scroll of immolation {unknown}
Potions
 i - a potion of brilliance {unknown}
Miscellaneous
 c - a piece from Xom's chessboard (15/15) (quivered)


   Skills:
 - Level 3.0 Fighting
 - Level 2.6 Long Blades
 - Level 1.0 Armour
 - Level 2.1 Dodging
 + Level 1.5 Spellcasting


You had 4 spell levels left.
You didn't know any spells.
Your spell library was empty.

Dungeon Overview and Level Annotations

Branches:
Dungeon (1/15)

Altars:


Innate Abilities, Weirdness & Mutations

You are immune to sickness and miasma.
You are immune to poison.
Your flesh is very heat resistant. (rF++)
You are vulnerable to cold. (rC-)
You float through the air rather than walking.
You learn spells naturally, not from books.
Your magical power is your life essence.
You have superior vitality. (+4 MHP)
You are frail. (-10% HP)
Your muscles are strong. (Str +4, Int/Dex -1)


Message History

"Go forth and cause havoc, mortal!"
You feel better.
You are now Xom's teddy bear.
The tarantella barely misses you. The tarantella completely misses you.
You closely miss the tarantella.
The tarantella is heavily wounded.
The tarantella closely misses you.
A tarantella is nearby!
You slash the tarantella! You freeze the tarantella.
The tarantella is almost dead.
The tarantella changes into a spriggan!
You miss the spriggan.
The spriggan is severely wounded.
You barely miss the spriggan.
The spriggan is severely wounded.
The spriggan closely misses you. The spriggan hits you.
You hit the spriggan.
The spriggan suddenly seems more agile.
Xom is highly amused!
The spriggan is severely wounded.
The spriggan changes into a fire crab!
You hit the fire crab.
The fire crab is severely wounded.
You hit the fire crab.
The fire crab is almost dead.
The fire crab bites you.
You are engulfed in flames.
You resist.
The fire crab closely misses you. x2; The fire crab claws you!
* * * LOW HITPOINT WARNING * * *
You are engulfed in flames.
You resist.
* * * LOW HITPOINT WARNING * * *
Xom thinks this is hilarious!
You hit the fire crab but do no damage.
The fire crab is poisoned.
The fire crab is almost dead.
The fire crab breathes flames at you.
The blast of flame engulfs you but does no damage.
Unknown command.
It was a potion of mutation.
You feel extremely strange.
You feel stronger.
You feel frail.
You are engulfed in blazing flames.
You resist.
You die...
Xom thinks this is hilarious!

#.....###...)..######
####### ####.### #.# ##
#.# # ##.## #.# #
##...## #.# # #.#.....##
#.# # ##....°°°°#####.#
###
#.....t@°.......######..
.##...°°°.#######......>
##....°## #.####..
##...## #. #.... ##.##
##.##[##. ## ##........
#.....#### #..##.#
#..##.#


You could see a fire crab shaped shifter (very poisoned).

Vanquished Creatures
  2 bats (D:1)
  A giant cockroach (D:1)
  A hobgoblin (D:1)
  A kobold (D:1)
  A quokka (D:1)
  4 ball pythons (D:1)
  2 frilled lizards (D:1)
  A goblin (D:1)
  3 rats (D:1)
16 creatures vanquished.

Notes
Turn   | Place    | Note
-------+----------+-------------------------------------------
     0 | D:1      | SnakkuSnakku7 the Djinni Chaos Knight began the quest for
                  | the Orb.
     0 | D:1      | Reached XP level 1. HP: 20/20 MP: 0/0
   168 | D:1      | Reached skill level 1 in Spellcasting
   168 | D:1      | Reached XP level 2. HP: 25/25 MP: 0/0
   241 | D:1      | XOM: divination: detect creatures
   476 | D:1      | Noticed a shapeshifter
   476 | D:1      | a hobgoblin changed into a shapeshifter
   476 | D:1      | Noticed a tarantella
   476 | D:1      | a shapeshifter changed into a tarantella
   478 | D:1      | XOM: potion effect (curing)
   480 | D:1      | Noticed a spriggan
   480 | D:1      | a tarantella changed into a spriggan
   483 | D:1      | Noticed a fire crab
   483 | D:1      | a spriggan changed into a fire crab
   485 | D:1      | HP: 1/25 [fire crab (shapeshifter) (4)]
   487 | D:1      | Gained mutation: Your muscles are strong. (Str +4, Int/Dex
                  | -1) [potion of mutation]
   487 | D:1      | Gained mutation: You are frail. (-10% HP) [potion of
                  | mutation]
   487 | D:1      | Engulfed by a fire crab (shapeshifter)'s flame

Illustrated notes

Levels and vault maps discovered:
D:1:      psy_arrival_radial01, layout_loops_cross

Skill      XL: |  1 |
---------------+----+-----
Spellcasting   | 1 |  1.5
Fighting       | |  3.0
Long Blades    | |  2.6
Armour         | |  1.0
Dodging        | |  2.1

Action                   || total
-------------------------++-------
Melee: Falchion          ||    42
  Use: Potion            ||     1
Armor: Leather armour    ||    16
Dodge: Dodged            ||    29
